 Dungeon Crawl Stone Soup version 0.29-a0-834-g1e95ca9f62 (webtiles) character file.

Game seed: 16337677924593243911

173 wilfster70 the Magician (level 5, -5/35 HPs)
             Began as a Djinni Conjurer on July 12, 2022.
             Slain by Duvessa
             ... wielding a +0 rapier of electrocution
              (8 damage)
             ... on level 4 of the Dungeon.
             The game lasted 00:10:11 (3224 turns).

wilfster70 the Magician (Djinni Conjurer)           Turns: 3224, Time: 00:10:12

Health: -5/35      AC: 13    Str:  6    XL:     5   Next: 83%
Gold:   115        EV: 11    Int: 21    God:
                   SH:  4    Dex: 12

rFire   + + +      SeeInvis .   b - +0 mace (protect)
rCold   x . .      Faith    .   n - +1 buckler of the Dropbear {rElec rN+ Regen+}
rNeg    + . .      Spirit   .   e - +0 robe
rPois   ∞          Reflect  .   k - +0 helmet
rElec   +          Harm     .   (no cloak)
rCorr   .          Rampage  .   d - +2 pair of gloves
Will    .....                   (boots unavailable)
Stlth   ++........              (no amulet)
HPRegen 0.91/turn               i - ring of protection from fire
MPRegen 0.00/turn               (no ring)

@: under a protective aura, flying
A: sickness immunity, fire resistance 2, cold vulnerability 1, float, innate
caster, HP casting, extra vitality 1
a: no special abilities


You were on level 4 of the Dungeon.
You visited 1 branch of the dungeon, and saw 4 of its levels.

You collected 115 gold pieces.

Inventory:

Hand Weapons
 a - a +1 sling
 b - a +0 mace of protection (weapon)
Missiles
 c - 2 throwing nets
Armour
 d - a +2 pair of gloves (worn)
 e - a +0 robe (worn)
 k - a +0 helmet (worn)
 n - the +1 buckler of the Dropbear (worn) {rElec rN+ Regen+}
   (You found it on level 3 of the Dungeon)

   rElec:     It insulates you from electricity.
   rN:        It protects you from negative energy.
   Regen:     It increases your rate of health regeneration.
Jewellery
 i - a ring of protection from fire (left hand)
Wands
 f - a wand of roots (7)
 m - a wand of polymorph (9)
 o - a wand of flame (12)
Scrolls
 h - a scroll of enchant armour
Potions
 j - a potion of flight {unknown}
 q - a potion of heal wounds
 s - a potion of haste


   Skills:
 - Level 2.1 Dodging
 - Level 1.5 Stealth
 + Level 5.2 Spellcasting


You couldn't memorise any spells.
You knew the following spells:

 Your Spells              Type           Power      Damage    Failure   Level
a - Magic Dart            Conj           100%       1d8       1%          1
b - Searing Ray           Conj           54%        2d6       2%          2
c - Dazzling Flash        Conj/Hex       54%        N/A       4%          3
d - Fulminant Prism       Conj/Hex       13%        3d9       17%         4
e - Iskenderun's Mystic   Conj/Tloc      27%        2d7       17%         4
f - Beastly Appendage     Tmut           54%        N/A       1%          1
g - Static Discharge      Conj/Air       27%        3-7/arc   2%          2
Your spell library was empty.

Dungeon Overview and Level Annotations

Branches:
Dungeon (4/15)
 Temple: D:4-7

Altars:

Shops:
D:1 (

Annotations:
D:4 Dowan, Duvessa, Grinder, Menkaure


Innate Abilities, Weirdness & Mutations

You are immune to sickness and miasma.
You are immune to poison.
Your flesh is very heat resistant. (rF++)
You are vulnerable to cold. (rC-)
You float through the air rather than walking.
You learn spells naturally, not from books.
Your magical power is your life essence.
You have superior vitality. (+4 MHP)


Message History

Dowan blinks!
You hit Duvessa but do no damage.
Duvessa is heavily wounded.
Your hobgoblin hits Duvessa. Duvessa closely misses you.
You block the hobgoblin's attack. Menkaure hits you but does no damage.
The dart slug bites your hobgoblin.
Your hobgoblin barely misses Duvessa.
Duvessa hits you but does no damage. The hobgoblin closely misses you.
You hit Duvessa but do no damage.
Duvessa is heavily wounded.
Menkaure misses you.
Your hobgoblin hits Duvessa but does no damage.
Menkaure calls on the powers of darkness!
The hobgoblin convulses!
Your body is wracked with pain!
The ball python convulses!
Duvessa convulses!
Dowan convulses!
The dart slug barely misses your hobgoblin.
Duvessa hits your hobgoblin with a +0 rapier of electrocution.
Your hobgoblin dies!
Your hobgoblin's corpse dissolves into shadows!
The hobgoblin closely misses you.
Dowan mumbles some strange words.
Dowan blinks!
Duvessa shouts!
You hit Duvessa but do no damage.
Duvessa is severely wounded.
Menkaure hits you but does no damage. Duvessa misses you.
The hobgoblin hits you but does no damage.
Menkaure barely misses you.
You closely miss Duvessa.
Duvessa is severely wounded.
Duvessa hits you with a +0 rapier of electrocution!
* * * LOW HITPOINT WARNING * * *
The hobgoblin hits you.
* * * LOW HITPOINT WARNING * * *
Menkaure calls on the powers of darkness!
The hobgoblin convulses!
The dart slug convulses!
You feel a surge of unholy energy.
Duvessa convulses!
The dart slug launches a dart at you.
The slug dart hits you but does no damage.
Duvessa hits you with a +0 rapier of electrocution!
You die...

##........#
.......
##.........#
.......
#......[...#
.......
...........#
.......
...........#
.......
#..........#
.......
#.........##
##S......
..........#
##Mg5.....
..........#
#.@#......
..........#
#we## o.o..
#........####..#
....
##.......##...#
...
#......##...# ..
##.....#.>§# #
##....†..#
###....## .
###...)##


You could see Grinder, Duvessa, Menkaure (fast), a dart slug, a hobgoblin and a
ball python.

Vanquished Creatures
  Robin (D:4)
  7 adders
  3 dart slugs
  2 worms
  An orc (D:3)
  9 ball pythons
  9 endoplasms
  A giant cockroach (D:3)
  11 goblins
  11 hobgoblins
  2 jackals (D:3)
  8 kobolds
  5 quokkas
  7 bats
  2 frilled lizards (D:1)
  4 rats
83 creatures vanquished.

Vanquished Creatures (collateral kills)
  A ball python (D:4)
1 creature vanquished.

Grand Total: 84 creatures vanquished

Notes
Turn   | Place    | Note
-------+----------+-------------------------------------------
     0 | D:1      | wilfster70 the Djinni Conjurer began the quest for the Orb.
     0 | D:1      | wilfster70 set off with the following spells memorised:
                  | Magic Dart, Searing Ray, Dazzling Flash, Fulminant Prism,
                  | Iskenderun's Mystic Blast.
     0 | D:1      | Reached XP level 1. HP: 15/15 MP: 0/0
   155 | D:1      | Reached XP level 2. HP: 15/21 MP: 0/0
   912 | D:1      | Reached XP level 3. HP: 20/25 MP: 0/0
   912 | D:1      | Learned a level 1 spell: Beastly Appendage
  1034 | D:1      | Found a faded altar of an unknown god.
  1042 | D:1      | Reached skill level 4 in Spellcasting
  1066 | D:1      | Found Ilucvuurr's Weapon Boutique.
  1755 | D:2      | Reached XP level 4. HP: 31/31 MP: 0/0
  2296 | D:3      | Identified the +1 buckler of the Dropbear {rElec rN+
                  | Regen+}
  2470 | D:3      | Reached XP level 5. HP: 29/35 MP: 0/0
  2470 | D:3      | Learned a level 2 spell: Static Discharge
  3002 | D:4      | Noticed Robin
  3028 | D:3      | Reached skill level 5 in Spellcasting
  3060 | D:4      | Killed Robin
  3197 | D:4      | Noticed Duvessa
  3198 | D:4      | Noticed Dowan
  3212 | D:4      | Noticed Grinder
  3214 | D:4      | Noticed Menkaure
  3224 | D:4      | Slain by Duvessa

Illustrated notes

Levels and vault maps discovered:
D:1:      shiori_arrival_elements, layout_loops_ring, serial_shops,
          shop_fountains, chequers_ecumenical_altar_island
D:2:      layout_rooms, lemuel_old_faithful
D:3:      layout_rooms, amcnicky_mini_rare_corridor_liquid,
          nrook_mini_backslash, minmay_bisected
D:4:      layout_cave_pods, uniq_duvessa, uniq_menkaure, uniq_robin,
          uniq_grinder

Skill      XL: |  1  2  3  4  5 |
---------------+----------------+-----
Spellcasting   | 4 5 |  5.2
Dodging        | |  2.1
Stealth        | |  1.5

Action                   |  1- 3 |  4- 6 || total
-------------------------+-------+-------++-------
Melee: Unarmed           |     5 |       ||     5
       Mace              |       |     9 ||     9
 Fire: Sling             |    27 |    42 ||    69
 Cast: Magic Dart        |    43 |     4 ||    47
       Searing Ray       |     6 |    28 ||    34
  Use: Scroll            |       |    11 ||    11
Armor: Robe              |    12 |    25 ||    37
Dodge: Dodged            |    27 |    43 ||    70
Block: Buckler           |       |    18 ||    18

Table legend: (Time is in decaauts)
 A = Elapsed time spent in this place.
 B = Non-inter-level travel time spent in this place.
 C = Inter-level travel time spent in this place.
 D = Time resting spent in this place.
 E = Time spent auto-exploring this place.
 F = Levels seen in this place.
 G = Mean time per level.
                   A        B        C        D        E       F      G
               +--------+--------+--------+--------+--------+-----+--------+
         Total |   3258 |   3143 |    115 |    948 |   1229 |   4 |  814.5 |
       Dungeon |   3258 |   3143 |    115 |    948 |   1229 |   4 |  814.5 |
               +--------+--------+--------+--------+--------+-----+--------+

Top non-repeatable levels by time:
     D:1: 1357 daAuts
     D:2: 920 daAuts
     D:3: 795 daAuts
     D:4: 184 daAuts
